 Dungeon Crawl Stone Soup version 0.29-a0-901-g46a8461d6a (webtiles) character file.

Game seed: 10521665317400525952

822 Gwenloh the Magician (level 7, -1/52 HPs)
             Began as a Mummy Necromancer on July 23, 2022.
             Slain by a wight
             ... wielding a +0 long sword
              (3 damage)
             ... on level 6 of the Dungeon.
             The game lasted 00:17:29 (5940 turns).

Gwenloh the Magician (Mummy Necromancer)            Turns: 5940, Time: 00:17:30

Health: -1/52      AC: 11    Str: 12    XL:     7   Next: 63%
Magic:  16/16      EV: 10    Int: 16    God:
Gold:   269        SH:  0    Dex: 10    Spells: 14/18 levels left

rFire   . . .      SeeInvis .   t - +1 trident (protect)
rCold   + + +      Faith    .   (no shield)
rNeg    + + +      Spirit   .   p - +5 ring mail of Zin's Condemnation {rF+ rC+++ rCorr Dex-2}
rPois   ∞          Reflect  .   (no helmet)
rElec   .          Harm     .   m - +0 cloak
rCorr   +          Rampage  .   (no gloves)
Will    +....                   (no boots)
Stlth   +.........              (no amulet)
HPRegen 0.17/turn               e - ring of protection from cold
MPRegen 0.15/turn               u - ring of willpower

@: no status effects
A: cold resistance 1, negative energy resistance 3, torment resistance 2, heat
vulnerability 1, in touch with death 1, no potions
a: no special abilities


You were on level 6 of the Dungeon.
You visited 2 branches of the dungeon, and saw 7 of its levels.

You collected 269 gold pieces.

Inventory:

Hand Weapons
 b - a +0 dagger
 t - a +1 trident of protection (weapon)
Missiles
 v - 2 throwing nets
Armour
 a - a +0 robe
 m - a +0 cloak (worn)
 p - the +5 ring mail of Zin's Condemnation (worn) {rF+ rC+++ rCorr Dex-2}
   (You found it on level 3 of the Dungeon)

   Dex:       It affects your dexterity (-2).
   rF:        It protects you from fire.
   rC:        It renders you almost immune to cold.
   rCorr:     It protects you from acid and corrosion.
Jewellery
 e - a ring of protection from cold (left hand)
 u - a ring of willpower (right hand)
Wands
 g - a wand of flame (14)
Scrolls
 c - a scroll of fog {unknown}
 d - a scroll of blinking {unknown}
 f - 2 scrolls of immolation {unknown}
 h - a scroll of teleportation {unknown}
 i - 5 scrolls of identify {unknown}
 j - a scroll of enchant armour {unknown}
 k - a scroll of brand weapon {unknown}
 l - a scroll of magic mapping {unknown}
 n - 2 scrolls of noise {unknown}
 o - a scroll of torment {unknown}
 q - a scroll of summoning {unknown}
 r - a scroll of poison {unknown}
 s - a scroll of fear {unknown}


   Skills:
 + Level 3.0 Fighting
 * Level 2.5 Armour
 - Level 2.2 Dodging
 - Level 2.4 Stealth
 * Level 6.2 Spellcasting
 * Level 6.0 Necromancy


You had 14 spell levels left.
You knew the following spells:

 Your Spells              Type           Power      Damage    Failure   Level
a - Necrotise             Necr           100%       1d9       2%          1
b - Vampiric Draining     Necr           36%        2d8       8%          3

Your spell library contained the following spells:

 Spells                   Type           Power      Damage    Failure   Level
 Animate Dead             Necr           36%        N/A       24%         4
 Magic Dart               Conj           16%        1d3       30%         1
 Searing Ray              Conj           8%         2d4       41%         2
 Agony                    Necr           36%        N/A       56%         5
 Call Canine Familiar     Summ           4%         N/A       65%         3
 Conjure Flame            Conj/Fire      4%         6-21      65%         3
 Ignite Poison            Fire/Tmut/Pois 4%         N/A       65%         3
 Portal Projectile        Hex/Tloc       8%         N/A       65%         3
 Fulminant Prism          Conj/Hex       2%         3d6       96%         4
 Leda's Liquefaction      Hex/Erth       2%         N/A       96%         4
 Sticky Flame             Conj/Fire      4%         2d3       96%         4


Dungeon Overview and Level Annotations

Branches:
Dungeon (6/15)             Temple (1/1) D:4

Altars:
Cheibriados
Nemelex Xobeh
Qazlal
Sif Muna
Trog
Vehumet
Yredelemnul

Shops:
D:5 *=((*

Annotations:
D:5 1 runed translucent door, Vorhees's ghost, novice GnWn


Innate Abilities, Weirdness & Mutations

You are immune to poison.
Your flesh is cold resistant. (rC+)
You are immune to negative energy. (rN+++)
You are immune to unholy pain and torment.
You are vulnerable to heat. (rF-)
You are in touch with the powers of death.
You do not drink.


Message History

You hit the wight but do no damage.
The wight is severely damaged.
The wight barely misses you.
You hit the wight but do no damage.
The wight is severely damaged.
The wight barely misses you. The wight hits you but does no damage.
You hit the wight but do no damage.
The wight is severely damaged.
The wight hits you but does no damage.
You hit the wight but do no damage.
The wight is severely damaged.
The wight barely misses you.
You barely miss the wight.
The wight is severely damaged.
The wight hits you but does no damage.
You barely miss the wight.
The wight is severely damaged.
The wight hits you with a +3 falchion! The wight closely misses you.
You hit the wight.
You destroy the wight!
You barely miss the wight. The wight hits you but does no damage.
You barely miss the wight. The wight hits you but does no damage.
The wight hits you with a +0 long sword!
* * * LOW HITPOINT WARNING * * *
You hit the wight.
The wight is lightly damaged.
The wight closely misses you. The wight attacks as you move away!
The wight barely misses you. The wight attacks as you move away!
The wight hits you but does no damage. The wight attacks as you move away!
The wight closely misses you. The wight attacks as you move away!
The wight hits you but does no damage. The wight attacks as you move away!
The wight hits you with a +0 long sword.
* * * LOW HITPOINT WARNING * * *
The wight attacks as you move away!
The wight hits you with a +0 long sword.
* * * LOW HITPOINT WARNING * * *
The wight attacks as you move away!
The wight hits you with a +0 long sword.
You die... #....<(..# ####.##### #.# #.# ## #.# ### )## #.# .zz

#.# #.# zo
#.###############.#
#)###.....z@..........#
#.).##################
#####


You could see a wight.

Vanquished Creatures
  An ice beast (D:5)
  A bullfrog (D:6)
  A scorpion (D:5)
  2 wights (D:6)
  An orc priest (D:3)
  A hound (D:5)
  2 jellies
  Jessica (D:2)
  3 iguanas
  5 orc wizards
  2 adders
  A white imp (D:5)
  5 dart slugs
  24 orcs
  5 ball pythons
  3 endoplasms
  A giant cockroach (D:1)
  10 goblins
  5 hobgoblins
  10 jackals
  5 kobolds
  3 quokkas
  4 bats
  2 frilled lizards
  3 rats (D:1)
101 creatures vanquished.

Vanquished Creatures (collateral kills)
  An orc (D:3)
  A goblin (D:3)
  A frilled lizard (D:1)
3 creatures vanquished.

Grand Total: 104 creatures vanquished

Notes
Turn   | Place    | Note
-------+----------+-------------------------------------------
     0 | D:1      | Gwenloh the Mummy Necromancer began the quest for the Orb.
     0 | D:1      | Reached XP level 1. HP: 13/13 MP: 4/4
   266 | D:1      | Reached XP level 2. HP: 19/19 MP: 3/6
   877 | D:1      | Gained mutation: You are in touch with the powers of death.
                  | [Mummy growth]
   877 | D:1      | Reached XP level 3. HP: 25/25 MP: 5/7
   881 | D:1      | Learned a level 3 spell: Vampiric Draining
  1150 | D:2      | Noticed Jessica
  1160 | D:2      | Killed Jessica
  1452 | D:2      | Reached skill level 1 in Fighting
  1452 | D:2      | Reached XP level 4. HP: 23/32 MP: 2/9
  2192 | D:3      | Identified the +5 ring mail of Zin's Condemnation {rF+
                  | rC+++ rCorr Dex-2}
  2231 | D:3      | Reached XP level 5. HP: 37/37 MP: 7/11
  2716 | D:3      | Found a faded altar of an unknown god.
  3496 | D:4      | Found a staircase to the Ecumenical Temple.
  3516 | D:4      | Reached skill level 5 in Necromancy
  3517 | Temple   | Entered the Ecumenical Temple
  4349 | D:4      | Reached XP level 6. HP: 41/44 MP: 6/13
  4845 | D:5      | Entered Level 5 of the Dungeon
  4851 | D:4      | Reached skill level 5 in Spellcasting
  4858 | D:5      | Reached skill level 1 in Armour
  5010 | D:5      | Found Ozop's Assorted Antiques.
  5011 | D:5      | Found Recierch's Weapon Boutique.
  5031 | D:5      | Noticed an ice beast
  5065 | D:5      | Killed an ice beast
  5066 | D:5      | Reached XP level 7. HP: 51/51 MP: 1/15
  5165 | D:5      | Found Mevaon's Jewellery Shoppe.
  5204 | D:5      | Found Kullyu's Weapon Shop.
  5218 | D:5      | Found a snail-covered altar of Cheibriados.
  5397 | D:5      | Found Ryssus's Assorted Antiques.
  5551 | D:5      | Found a runed translucent door.
  5552 | D:5      | Noticed Vorhees's ghost (novice GnWn)
  5600 | D:5      | Found a bloodstained altar of Trog.
  5939 | D:6      | HP: 2/52 [wight/+0 long sword (6)]
  5940 | D:6      | Slain by a wight

Illustrated notes

Levels and vault maps discovered:
D:1:      minmay_arrival_hallway, layout_loops_ring,
          nicolae_concentric_dashed_squares_mild
D:2:      layout_rooms, basic_altar, guppyfry_early_lair_pool, uniq_jessica
D:3:      cheibrodos_pilgrimage, layout_basic,
          hellmonk_ecumenical_altar_dog_temple, grunt_ministairs_11,
          minmay_misc_feat_nine_boxes
D:4:      layout_layer_cave, minmay_temple_entry_statues_fountains
D:5:      layout_rooms, kennysheep_slug_shrine, trog_hazing_becter,
          ebering_ghost_reflecting_pool, serial_shops,
          nicolae_shop_hallway_plus, nicolae_take_the_stairs,
          nicolae_shop_waterfront, nicolae_shop_statue_plus, shop
D:6:      layout_loops_ring, mainiacjoe_overflow_alcove_4, uniq_menkaure
Temple:   hellmonk_temple_flake

Skill      XL: |  1  2  3  4  5  6  7 |
---------------+----------------------+-----
Spellcasting   | 3 4 5 6 |  6.2
Stealth        | 2 |  2.4
Fighting       | 1 2 3 |  3.0
Dodging        | 2 |  2.2
Necromancy     | 5 6 |  6.0
Armour         | 1 2 |  2.5

Action                   |  1- 3 |  4- 6 |  7- 9 || total
-------------------------+-------+-------+-------++-------
Melee: Unarmed           |    11 |       |       ||    11
       Dagger            |    19 |    54 |       ||    73
       Trident           |       |    20 |    96 ||   116
       Punch             |       |       |     2 ||     2
 Cast: Necrotise         |    45 |    91 |    26 ||   162
       Vampiric Draining |     1 |    11 |     5 ||    17
Armor: Robe              |       |    10 |       ||    10
       Ring mail         |       |    31 |    56 ||    87
Dodge: Dodged            |    20 |    53 |    41 ||   114

Table legend: (Time is in decaauts)
 A = Elapsed time spent in this place.
 B = Non-inter-level travel time spent in this place.
 C = Inter-level travel time spent in this place.
 D = Time resting spent in this place.
 E = Time spent auto-exploring this place.
 F = Levels seen in this place.
 G = Mean time per level.
                   A        B        C        D        E       F      G
               +--------+--------+--------+--------+--------+-----+--------+
         Total |   5982 |   5811 |    171 |    253 |   4732 |   7 |  854.6 |
       Dungeon |   5820 |   5658 |    162 |    253 |   4587 |   6 |  970.0 |
        Temple |    161 |    152 |      9 |      0 |    145 |   1 |  161.0 |
               +--------+--------+--------+--------+--------+-----+--------+

Top non-repeatable levels by time:
     D:3: 1389 daAuts
     D:4: 1213 daAuts
     D:1: 1149 daAuts
     D:5: 952 daAuts
     D:2: 934 daAuts
     D:6: 181 daAuts
  Temple: 161 daAuts
